 Dungeon Crawl Stone Soup version 0.20.1-1-g8b1a95d (webtiles) character file.

67 QuCean the Covered (level 4, -1/40 HPs)
             Began as a Minotaur Fighter on Oct 12, 2017.
             Slain by an orc wizard
             ... wielding a +0 dagger
              (3 damage)
             ... on level 3 of the Dungeon.
             The game lasted 00:11:22 (1933 turns).

QuCean the Covered (Minotaur Fighter)               Turns: 1933, Time: 00:11:22

Health: -1/40      AC: 10    Str: 27    XL:     4   Next: 0%
Magic:  3/3        EV:  8    Int:  5    God:
Gold:   58         SH: 10    Dex:  9    Spells: 3/3 levels left

rFire    . . .     SeeInvis .   a - +0 war axe
rCold    . . .     Gourm    .   c - +0 shield
rNeg     . . .     Faith    .   b - +0 scale mail
rPois    .         Spirit   .   (helmet restricted)
rElec    .         Reflect  .   (no cloak)
rCorr    .         Harm     .   (no gloves)
MR       .....                  o - +2 pair of boots {Fly}
Stlth    ..........             (no amulet)
Regen    0.2/turn               (no ring)
MPRegen  0.1/turn               (no ring)

@: mighty, flying, slowed, very slow
A: retaliatory headbutt, horns 2
a: Stop Flying


You were on level 3 of the Dungeon.
You were not hungry.

You visited 1 branch of the dungeon, and saw 3 of its levels.

You collected 58 gold pieces.

Inventory:

Hand Weapons
 a - a +0 war axe (weapon)
Armour
 b - a +0 scale mail (worn)
 c - a +0 shield (worn)
 o - a +2 pair of boots of flying (worn)
Scrolls
 g - a scroll of blinking {unknown}
 h - a scroll of recharging {unknown}
 k - 2 scrolls of magic mapping {unknown}
 l - 2 scrolls of identify {unknown}
 m - a scroll of amnesia {unknown}
Potions
 e - a potion of brilliance {unknown}
 i - a potion of heal wounds {unknown}
Comestibles
 f - 2 bread rations
 j - 3 fruits
 n - 2 royal jellies


   Skills:
 + Level 4.0 Fighting
 + Level 3.0 Axes
 + Level 4.6 Armour
 + Level 0.4 Dodging
 + Level 4.3 Shields


You had 3 spell levels left.
You didn't know any spells.

Dungeon Overview and Level Annotations

Branches:
Dungeon (3/15)

Altars:
Ashenzari
Dithmenos


Innate Abilities, Weirdness & Mutations

You reflexively headbutt those who attack you in melee.
You have a pair of horns on your head.


Message History

* * * LOW HITPOINT WARNING * * *
The orc wizard completely misses you. You block the orc's attack.
You barely miss the orc wizard.
The orc wizard is severely wounded.
The orc wizard points at you and mumbles some strange words.
The magic dart hits you!
* * * LOW HITPOINT WARNING * * *
The orc wizard barely misses you. You block the orc's attack.
You block the orc wizard's attack.
You barely miss the orc wizard.
The orc wizard is severely wounded.
You block the orc wizard's attack. You block the orc's attack.
The orc wizard hits you but does no damage.
The orc hits you but does no damage.
The orc wizard hits you but does no damage.
You closely miss the orc wizard.
The orc wizard is severely wounded.
You block the orc wizard's attack. The orc barely misses you.
The orc wizard barely misses you. The orc wizard hits you with a dagger.
You die...

#...# #.#.# #.# #.).#
#.... ... #...# #.#.#
#.# #...# #.#.# #.#
#...# #.#.# #.###
#...####.#.####...#####
#.......>).............
#..#####.#......#(#....
#... #.######@#.#.# #
#.### #.# #..o))...# #.
#.# #...o.$..# #. #.#
#........... #. #.#
#...%...#### #. #..
+.......# #.......#
+....!..# #.......#


You could see an orc wizard and an orc.

Vanquished Creatures
  2 adders (D:2)
  8 orcs (D:3)
  4 bats
  3 giant cockroaches
  9 goblins
  3 hobgoblins
  2 quokkas (D:2)
  A frilled lizard (D:2)
  3 kobolds
  4 rats
39 creatures vanquished.

Notes
Turn   | Place    | Note
-------+----------+-------------------------------------------
     0 | D:1      | QuCean the Minotaur Fighter began the quest for the Orb.
     0 | D:1      | Reached XP level 1. HP: 19/19 MP: 0/0
   391 | D:1      | Reached XP level 2. HP: 27/27 MP: 1/1
  1040 | D:2      | Found a shadowy altar of Dithmenos.
  1059 | D:2      | Reached XP level 3. HP: 33/33 MP: 2/2
  1476 | D:2      | Found a shattered altar of Ashenzari.
  1930 | D:3      | Reached XP level 4. HP: 11/40 MP: 3/3
  1931 | D:3      | HP: 1/40 [orc wizard/magic dart (3)]
  1933 | D:3      | Slain by an orc wizard

Skill      XL: |  1  2  3 |
---------------+----------+-----
Armour         | 4 |  4.6
Fighting       | 4 |  4.0
Shields        | 4 |  4.3
Axes           | 3 |  3.0
Dodging        | |  0.4

Action                   |  1- 3 |  4- 6 || total
-------------------------+-------+-------++-------
Melee: War axe           |    79 |     3 ||    82
       Headbutt          |    10 |       ||    10
  Use: Potion            |     1 |       ||     1
  Eat: Chunk             |     3 |       ||     3
Armor: Scale mail        |    41 |     3 ||    44
Dodge: Dodged            |    37 |     5 ||    42
Block: Shield            |    55 |     6 ||    61
